 Dungeon Crawl Stone Soup version 0.27.0-1-g7a089689b8 (webtiles) character file.

Game seed: 14818136502380529725

2198 EnegeticOcto the Cleaver (level 9, -5/79 HPs)
             Began as a Minotaur Fighter on Aug 5, 2021.
             Was an Initiate of Okawaru.
             Slain by an ice devil (14 damage)
             ... summoned by Xom
             ... on level 7 of the Dungeon.
             The game lasted 00:03:11 (7138 turns).

EnegeticOcto the Cleaver (Minotaur Fighter)         Turns: 7138, Time: 00:03:11

Health: -5/79      AC: 16    Str: 23      XL:     9   Next: 12%
Magic:  9/9        EV:  6    Int:  2 (5)  God:    Okawaru [......]
Gold:   384        SH: 11    Dex: 11      Spells: 8/8 levels left

rFire    . . .     SeeInvis .   a - +1 war axe (vorpal)
rCold    . . .     Faith    .   c - +0 kite shield
rNeg     . . .     Spirit   .   n - +0 chain mail
rPois    .         Reflect  .   (helmet unavailable)
rElec    .         Harm     .   l - +0 cloak
rCorr    .         Rampage  .   (no gloves)
Will     .....                  (no boots)
Stlth    ..........             (no amulet)
HPRegen  0.23/turn              m - +4 ring of protection
MPRegen  0.11/turn              (no ring)

@: no status effects
A: horns 3, retaliatory headbutt
a: Renounce Religion


You were on level 7 of the Dungeon.
You worshipped Okawaru.
Okawaru was noncommittal.
You visited 1 branch of the dungeon, and saw 7 of its levels.

You collected 384 gold pieces.

Inventory:

Hand Weapons
 a - a +1 vorpal war axe (weapon)
Armour
 c - a +0 kite shield (worn)
 k - a +2 hat of willpower
 l - a +0 cloak (worn)
 n - a +0 chain mail (worn)
Jewellery
 m - a +4 ring of protection (left hand)
 t - a +6 ring of intelligence
 u - a ring of protection from fire
Wands
 b - a wand of paralysis (12)
 g - a wand of acid (10) {@v1}
 p - a wand of digging (1) {@v3}
Scrolls
 e - 4 scrolls of teleportation {@r3}
 o - a scroll of immolation {unknown}
 r - a scroll of fog
 s - a scroll of noise {unknown}
Potions
 d - 4 potions of might {@q3}
 f - 2 potions of lignification
 h - 5 potions of heal wounds {@q2}
 i - a potion of resistance {@q5}
 j - 2 potions of curing {@q1}
 q - a potion of cancellation {unknown}
 v - a potion of invisibility {unknown}


   Skills:
 + Level 7.3 Fighting
 * Level 9.3 Axes
 + Level 7.3 Armour
 + Level 7.3 Shields
 + Level 1.5 Invocations


You had 8 spell levels left.
You didn't know any spells.
Your spell library was empty.

Dungeon Overview and Level Annotations

Branches:
Dungeon (7/15)             Temple (0/1) D:7

Altars:
Gozag
Okawaru
Uskayaw
Xom


Innate Abilities, Weirdness & Mutations

You have a pair of large horns on your head.
You reflexively headbutt those who attack you in melee.


Message History

You closely miss the quasit. Your headbutt misses the quasit.
The quasit is heavily wounded.
You barely miss the crimson imp.
Your chain mail prevents you from hitting the ice devil.
You barely miss the neqoxec. The quasit barely misses you.
The quasit claws you but does no damage. x2
You block the neqoxec's attack. You block the ice devil's attack.
The orange demon stings you from afar.
You are poisoned.
The orange demon poisons you! The crimson imp hits you.
The quasit bites you but does no damage.
The quasit claws you but does no damage.
You block the quasit's attack.
You miss the quasit. Your headbutt misses the quasit.
The quasit is heavily wounded.
You hit the neqoxec. You hit the ice devil. You barely miss the crimson imp.
You feel very sick. You block the quasit's attack.
The quasit claws you but does no damage. x2
You block the ice devil's attack. The neqoxec hits you.
The orange demon stings you from afar.
You are more poisoned.
The orange demon poisons you!
The crimson imp hits you but does no damage.
You slash the quasit!
You kill the quasit!
You barely miss the crimson imp. You closely miss the ice devil.
You barely miss the neqoxec.
You feel extremely sick. The ice devil hits you. The ice devil freezes you!
* * * LOW HITPOINT WARNING * * *
You block the crimson imp's attack.
The orange demon stings you but does no damage.
The neqoxec gestures at you.
You feel dopey. Something feeds on your intellect!
The crimson imp blinks!
You are too injured to fight recklessly!
You are too injured to fight recklessly!
You are too injured to fight recklessly!
You are too injured to fight recklessly!
You are too injured to fight recklessly!
You are too injured to fight recklessly!
You are too injured to fight recklessly!
You are too injured to fight recklessly!
Okay, then.
You feel much better.
You feel extremely sick.
The ice devil hits you but does no damage.
The crimson imp barely misses you. You block the neqoxec's attack.
The orange demon stings you but does no damage.
Unknown command.
You feel better. You block the ice devil's attack.
You block the crimson imp's attack. The neqoxec barely misses you.
The orange demon stings you but does no damage.
The shadow imp hits you.
You slash the neqoxec!
The neqoxec is heavily wounded.
You hit the ice devil but do no damage. You barely miss the crimson imp.
You hit the shadow imp. You closely miss the shadow imp.
You block the shadow imp's attack.
The ice devil hits you but does no damage.
The crimson imp hits you but does no damage.
The neqoxec gestures at you.
Strange energies course through your body.
The horns on your head grow some more.
Your +2 hat of willpower falls away!
You feel less strong-willed. You block the orange demon's attack.
The shadow imp hits you but does no damage.
You block the shadow imp's attack.
The orange demon stings you but does no damage.
The neqoxec hits you. The ice devil hits you. The ice devil freezes you!
The crimson imp blinks!
You closely miss the neqoxec.
The neqoxec is heavily wounded.
You slash the ice devil! You barely miss the shadow imp.
You slash the shadow imp!
You kill the shadow imp!
The shadow imp hits you but does no damage.
The orange demon stings you from afar. You block the ice devil's attack.
The neqoxec barely misses you. You furiously retaliate!
You headbutt the neqoxec! You hit the neqoxec but do no damage.
The neqoxec is severely wounded.
You hit the ice devil but do no damage. You barely miss the shadow imp.
The shadow imp hits you but does no damage.
You block the orange demon's attack. The neqoxec gestures at you.
Something tries to feed on your intellect!
The ice devil hits you but does no damage.
You hit the neqoxec.
The neqoxec is almost dead.
You hit the ice devil. You closely miss the shadow imp.
You block the shadow imp's attack. The orange demon stings you from afar!
* * * LOW HITPOINT WARNING * * *
The neqoxec gestures at you.
You feel dopey. Something feeds on your intellect! The ice devil hits you!
* * * LOW HITPOINT WARNING * * *
The ice devil freezes you!
You die...

#...#.........#.........#.#
######.##.##.##.######..#.#
#####.....#.##.##.# #..#.#
............#..##.# #..#.#
#####.............# #..#.#
#####.....####### ##.#.#
###....##.##....## .# #.#.#
##..####...####5.##...#
#.#.# .........#...54.@45.#
#.# ..####..###..####3..#
#.# #........#.......5##.#
#.# #...####...####...# #
#.# .##..# ##.## ##$ #.#
#.######...### # #.#
######.##.##.######## #.#
#..#.......#..#.#.# #.#
....#..8..#....#.#### #.#.#


You could see an orange demon (summoned), an ice devil (summoned), a neqoxec
(summoned), 3 crimson imps and a shadow imp (summoned).

Vanquished Creatures
  A water moccasin (D:7)
  A hornet zombie (D:7)
  A sky beast (D:6)
  A necrophage (D:6)
  An ogre (D:6)
  A centaur (D:5)
  2 phantoms
  A bullfrog (D:7)
  3 scorpions (D:5)
  A water moccasin zombie (D:6)
  A water moccasin skeleton (D:6)
  5 wights
  A howler monkey (D:4)
  A bullfrog zombie (D:7)
  A centaur zombie (D:6)
  4 jellies
  Crazy Yiuf (D:2)
  4 orc priests
  A hound (D:4)
  A bullfrog skeleton (D:6)
  2 centaur skeletons (D:7)
  A gnoll shaman (D:6)
  An iguana (D:5)
  Ijyb (D:3)
  3 orc wizards
  A scorpion zombie (D:5)
  A killer bee zombie (D:7)
  10 gnolls
  6 adders
  3 ufetubi
  An adder skeleton (D:4)
  A worm (D:4)
  3 dart slugs
  13 orcs
  8 bats
  7 endoplasms
  3 giant cockroaches
  6 goblins
  7 hobgoblins
  5 quokkas
  7 ball pythons
  11 frilled lizards
  9 kobolds
  6 rats
149 creatures vanquished.

Notes
Turn   | Place    | Note
-------+----------+-------------------------------------------
     0 | D:1      | EnegeticOcto the Minotaur Fighter began the quest for the
                  | Orb.
     0 | D:1      | Reached XP level 1. HP: 19/19 MP: 0/0
   152 | D:1      | Reached XP level 2. HP: 27/27 MP: 1/1
   266 | D:1      | Reached skill level 3 in Axes
   492 | D:1      | Found a faded altar of an unknown god.
   632 | D:1      | Became a worshipper of Xom of Chaos
   685 | D:1      | XOM: divination: detect items
   770 | D:2      | Reached XP level 3. HP: 33/33 MP: 2/2
   865 | D:2      | Found a runed translucent door.
   866 | D:2      | Noticed Crazy Yiuf
  1115 | D:2      | XOM: divination: magic mapping
  1211 | D:2      | Reached XP level 4. HP: 27/40 MP: 3/3
  1319 | D:2      | Found an opulent altar of Gozag.
  1450 | D:2      | Reached skill level 4 in Axes
  1647 | D:2      | XOM is BORED!
  1647 | D:2      | XOM: silly message
  1685 | D:2      | Killed Crazy Yiuf
  1686 | D:2      | Reached XP level 5. HP: 47/47 MP: 4/4
  2060 | D:3      | XOM: cast spell 'Cause Fear'
  2153 | D:3      | XOM: cloud trail
  2171 | D:3      | Noticed Ijyb
  2181 | D:3      | Killed Ijyb
  2182 | D:3      | Reached skill level 5 in Axes
  2195 | D:3      | XOM: divination: detect creatures
  2201 | D:3      | XOM: enchant monster (bad)
  2202 | D:3      | Reached XP level 6. HP: 54/55 MP: 5/5
  2477 | D:3      | Noticed a +0 spear
  2478 | D:3      | Noticed a +0 falchion
  2478 | D:3      | Noticed a +0 short sword
  2478 | D:3      | Noticed a +0 falchion
  2479 | D:3      | Noticed a +0 short sword
  2479 | D:3      | Noticed a +0 dagger
  2480 | D:3      | Noticed a +0 spear
  2481 | D:3      | Noticed a +0 dagger
  2485 | D:3      | Found a hide-covered altar of Uskayaw.
  2621 | D:3      | XOM: silly message
  2751 | D:3      | XOM: noise
  2937 | D:4      | Reached skill level 5 in Armour
  2939 | D:4      | Reached skill level 5 in Fighting
  3091 | D:4      | Reached skill level 5 in Shields
  3189 | D:4      | XOM is BORED!
  3189 | D:4      | XOM: silly message
  3322 | D:4      | XOM: silly message
  3507 | D:4      | XOM: cloud trail
  3570 | D:4      | Reached skill level 6 in Axes
  3570 | D:4      | Reached XP level 7. HP: 61/61 MP: 6/6
  3797 | D:5      | Entered Level 5 of the Dungeon
  3799 | D:5      | XOM: smoke on damage
  3899 | D:5      | XOM is BORED!
  3899 | D:5      | XOM: silly message
  4187 | D:5      | Reached skill level 7 in Axes
  5229 | D:5      | XOM is BORED!
  5344 | D:6      | Reached XP level 8. HP: 60/70 MP: 7/7
  5636 | D:6      | Reached skill level 8 in Axes
  5947 | D:6      | XOM: god gift: dagger {god gift}
  6062 | D:6      | XOM: summons 3 friendly demons
  6383 | D:7      | Found an iron altar of Okawaru.
  6394 | D:7      | Fell from the grace of Xom
  6394 | D:7      | Became a worshipper of Warmaster Okawaru
  6539 | D:7      | Reached skill level 9 in Axes
  6539 | D:7      | Found a staircase to the Ecumenical Temple.
  6601 | D:7      | Reached skill level 1 in Invocations
  6801 | D:7      | Reached XP level 9. HP: 66/79 MP: 8/8
  6998 | D:7      | XOM: summons 1 hostile demon
  7127 | D:7      | XOM: summons 11 hostile demons
  7128 | D:7      | Noticed an ice devil
  7128 | D:7      | Noticed an orange demon
  7135 | D:7      | Gained mutation: You have a pair of large horns on your
                  | head. [a neqoxec]
  7138 | D:7      | Slain by an ice devil

Illustrated notes

Levels and vault maps discovered:
D:1:      sevenhm_arrival_forest_fort_small_4, layout_rooms,
          hellmonk_ecumenical_altar_pennies_from_heaven
D:2:      layout_loops_ring, basic_altar, minmay_bisected,
          uniq_crazy_yiuf_cottage
D:3:      layout_loops_ring, nicolae_uskayaw_en_pointe, minmay_quadrilaterals,
          uniq_ijyb
D:4:      kennysheep_big_flooded_room, layout_gridville
D:5:      layout_layer_cave
D:6:      layout_basic
D:7:      wad_crossroads, layout_basic, mainiacjoe_overflow_surrounded_room,
          minmay_temple_entry_large_hall, uniq_joseph

Skill      XL: |  1  2  3  4  5  6  7  8 |
---------------+-------------------------+-----
Axes           | 3 4 5 6 7 9 |  9.3
Fighting       | 4 5 6 7 |  7.3
Armour         | 4 5 6 7 |  7.3
Shields        | 4 5 6 7 |  7.3
Invocations    | 1 |  1.5

Action                   |  1- 3 |  4- 6 |  7- 9 || total
-------------------------+-------+-------+-------++-------
Melee: War axe           |   105 |   129 |   160 ||   394
       Headbutt          |     7 |    19 |    39 ||    65
  Use: Scroll            |       |     7 |     7 ||    14
       Potion            |       |       |     2 ||     2
Armor: Scale mail        |    60 |    41 |     2 ||   103
       Chain mail        |       |       |   103 ||   103
Dodge: Dodged            |    34 |    43 |    34 ||   111
Block: Kite shield       |    63 |    82 |   107 ||   252
